Map: Lightshade LE

Players

lllllIIIIll - Winner!

  • Race: Protoss Protoss
  • League: Master
  • Spawn Location: 11:00

Votzap

  • Race: Terran Terran
  • League: Diamond
  • Spawn Location: 5:00

VOD

Have the link to the VOD?

Description

Time

  • Played on: Oct. 26, 2020, 9:02 a.m.
  • Length: 6:09
Show
View Real Time Build Order
Export as new Build Order

lllllIIIIll Protoss - Winner!

Build Orders:  

Get SALT Encoding   

  12  0:00  Probe  
  13  0:12  Probe  
  14  0:17  Pylon  
  14  0:24  Probe (Chrono Boost)  
  15  0:36  Probe (Chrono Boost)  
  15  0:38  Gateway  
  16  0:44  Probe (Chrono Boost)  
  16  0:48  Assimilator  
  17  0:52  Probe  
  18  0:58  Pylon  
  18  1:04  Probe  
  19  1:16  Probe  
  19  1:17  Gateway  
  20  1:26  Cybernetics Core  
  20  1:29  Probe  
  21  1:36  Zealot (Chrono Boost)  
  23  1:56  Pylon  
  23  2:03  Stalker (Chrono Boost)  
  23  2:04  Stalker (Chrono Boost)  
  23  2:07  Warp Gate  
  27  2:12  Assimilator  
  27  2:16  Shield Battery  
  27  2:27  Stalker  
  29  2:47  Stalker  
  31  2:55  Probe  
  30  3:07  Probe  
  31  3:14  Nexus  
  31  3:19  Probe, Pylon  
  32  3:31  Probe  
  33  3:43  Probe, Twilight Council  
  34  3:55  Zealot  
  34  3:56  Probe (Chrono Boost), Zealot  
  39  4:04  Robotics Facility  
  39  4:06  Probe (Chrono Boost)  
  40  4:11  Probe (Chrono Boost)  
  37  4:27  Probe  
  38  4:33  Probe  
  38  4:37  Stalker x2  
  43  4:39  Probe  
  43  4:44  Pylon  
  44  4:47  Probe  
  44  4:51  Observer (Chrono Boost)  
  46  5:00  Stalker x2  
  46  5:01  Probe  
  46  5:02  Probe  
  52  5:07  Shield Battery  
  52  5:14  Probe  
  52  5:15  Probe  
  52  5:18  Observer  
  55  5:26  Probe  
  55  5:27  Probe  
  57  5:31  Gateway  
  57  5:36  Shield Battery  
  57  5:38  Sentry, Pylon  
  57  5:40  Sentry  
  57  5:42  Pylon  
  59  6:07  Stalker x2  
Show
View Real Time Build Order
Export as new Build Order

Votzap Terran 

Build Orders:  

Get SALT Encoding   

  12  0:00  SCV  
  13  0:12  SCV  
  14  0:18  Supply Depot  
  14  0:24  SCV  
  15  0:39  SCV  
  15  0:41  Barracks  
  16  0:46  Refinery  
  16  0:52  SCV  
  17  1:04  SCV  
  18  1:16  SCV  
  19  1:28  SCV  
  19  1:30  Reaper  
  21  1:38  Command Center  
  21  1:47  Orbital Command  
  21  2:02  Marine  
  21  2:07  Barracks  
  22  2:16  Bunker  
  22  2:20  Marine  
  23  2:30  Barracks  
  19  2:53  SCV, Marine  
  19  2:54  Marine  
  22  3:03  Supply Depot  
  22  3:05  SCV  
  22  3:11  Marine  
  23  3:24  SCV, Marine, Supply Depot  
  25  3:32  Command Center  
  25  3:36  SCV  
  25  3:40  Marine  
  27  3:41  Barracks Tech Lab  
  27  3:42  Marine  
  27  3:48  SCV  
  28  4:00  Barracks Reactor, Factory, SCV, Supply Depot  
  28  4:01  Barracks Reactor  
  29  4:06  Marauder  
  29  4:07  Concussive Shells  
  31  4:13  SCV  
  32  4:25  SCV  
  31  4:33  Marauder  
  31  4:37  Marine x3  
  31  4:38  Marine  
  37  4:45  Orbital Command  
  37  4:47  SCV  
  38  4:56  Marine x2  
  38  4:57  Marine  
  38  4:59  SCV  
  42  5:00  Marauder, Marine  
  45  5:10  Orbital Command  
  45  5:14  Marine  
  45  5:18  Marine x2  
  48  5:21  Starport  
  48  5:22  Marauder  
  48  5:23  Marine  
  51  5:30  SCV  
  51  5:32  Marine  
  52  5:36  Marine x2  
  54  5:48  Bunker x2  
Tags
 
Add a new tag
Caveats
  • Supply blocks, unpowered buildings, or Contaminate may cause inaccurate times.
  • Supply counts are checked every 10 seconds.